 Dungeon Crawl Stone Soup version 0.23.2-30-g0e89c35649 (webtiles) character file.

Game seed: 17753144640969374477

1563 redwoodhats the Magician (level 8, -1/57 HPs)
             Began as a Demonspawn Transmuter on June 13, 2019.
             Slain by a gnoll
             ... wielding a +0 halberd
              (15 damage)
             ... on level 6 of the Dungeon.
             The game lasted 00:47:32 (7141 turns).

redwoodhats the Magician (Demonspawn Transmuter)    Turns: 7141, Time: 00:47:32

Health: -1/57      AC:  5    Str: 17    XL:     8   Next: 58%
Magic:  2/15       EV: 13    Int: 16    God:
Gold:   409        SH:  8    Dex: 13    Spells: 10/16 levels left

rFire    . . .     SeeInvis .   t - +5 quarterstaff (chaos)
rCold    + . .     Gourm    .   (shield currently unavailable)
rNeg     . . .     Faith    .   k - +2 leather armour {MR+}
rPois    .         Spirit   .   (helmet restricted)
rElec    .         Reflect  .   (no cloak)
rCorr    .         Harm     +   (no gloves)
MR       +....     Rnd*Rage +   (no boots)
Stlth    +++.......             p - amulet of harm
HPRegen  0.19/turn              m - ring of stealth
MPRegen  0.14/turn              e - ring of protection from cold

@: mighty, studying Crossbows
A: antennae 1, large bone plates 3, berserk 2, demonic guardian 1, no potion
heal 1, MP-powered wands
a: no special abilities


You were on level 6 of the Dungeon.
You were not hungry.

You visited 1 branch of the dungeon, and saw 6 of its levels.
You also visited: Ossuary.

You collected 409 gold pieces.

Inventory:

Hand Weapons
 i - a cursed -1 mace
 t - a +5 quarterstaff of chaos (weapon)
 u - a +0 shortbow of freezing
Missiles
 a - 52 arrows
 q - 2 throwing nets
 r - 6 tomahawks (quivered)
Armour
 b - a +0 robe
 j - a +0 pair of gloves
 k - a +2 leather armour of magic resistance (worn)
Jewellery
 e - a ring of protection from cold (right hand)
 l - an uncursed amulet of faith {unknown}
 m - a ring of stealth (left hand)
 n - a cursed amulet of inaccuracy
 p - an amulet of harm (around neck)
Wands
 x - a wand of clouds (4)
 D - a wand of scattershot (2)
Scrolls
 f - 3 scrolls of identify
 g - 2 scrolls of immolation
 h - 2 scrolls of teleportation
 C - a scroll of remove curse
Potions
 o - a potion of lignification
 v - 2 potions of agility
 w - a potion of invisibility
 B - a potion of resistance
Books
 y - a manual of Crossbows
Comestibles
 d - 5 rations


   Skills:
 + Level 2.3 Fighting
 + Level 3.8 Staves
 + Level 0.6 Bows
 + Level 0.2 Throwing
 + Level 2.5 Armour
 + Level 3.3 Dodging
 + Level 2.4 Stealth
 + Level 4.3 Unarmed Combat
 + Level 4.7 Spellcasting
 + Level 4.4 Transmutations
 + Level 1.5 Poison Magic


You had 10 spell levels left.
You knew the following spells:

 Your Spells              Type           Power        Failure   Level  Hunger
a - Beastly Appendage     Tmut           ###...       3%          1    None
b - Spider Form           Tmut/Pois      ##........   16%         3    ###....
c - Sticks to Snakes      Tmut           ###.....     4%          2    ##.....

Your spell library contained the following spells:

 Spells                   Type           Power        Failure   Level  Hunger
 Ice Form                 Ice/Tmut       ##......     58%         4    ####...
 Blade Hands              Tmut           ###.......   63%         5    ######.


Dungeon Overview and Level Annotations

Branches:
Dungeon (6/15)
 Temple: D:4-7

Altars:

Shops:
D:4 (:??

Annotations:
D:6 Duvessa, Eustachio


Innate Abilities, Weirdness & Mutations

You have a pair of small antennae on your head.
You are completely covered in large bone plates. (SH +8)
A weak demonic guardian rushes to your aid.
You often lose your temper in combat.
Potions are less effective at restoring your health.
You expend magic power (3 MP) to strengthen your wands.


Message History

The gnoll hits you with a +0 halberd. x2
Your system partially rejects the healing.
You feel better.
Your ball python barely misses the gnoll.
Your ball python grabs the gnoll.
Your ball python constricts the gnoll.
The gnoll hits you with a +0 halberd!
* * * LOW HITPOINT WARNING * * *
Okay, then.
You sock the gnoll!
The gnoll is severely wounded.
Your ball python bites the gnoll but does no damage.
Your ball python constricts the gnoll.
The gnoll hits your ball python with a +0 halberd.
Your ball python dies!
You block the gnoll's attack.
The gnoll shouts!
Okay, then.
You feel very mighty all of a sudden. The gnoll barely misses you.
The gnoll hits you with a +0 halberd!
You die...

##...############..###
... ##.## . #..##
##...#....
########.##...#....
#.........#...#....
#.........#...#....
#..g......#...#....
#.@g......#...#[...
#.$.......#...#....
#.......%.+........
#.........#........
#.........#....####
#.........#....#
##############.#
#######.# ........#


You could see 2 gnolls.

Vanquished Creatures
  Prince Ribbit (D:6)
  An ogre (D:5)
  A sky beast (D:5)
  2 centaurs (D:5)
  A bullfrog (D:6)
  A wyvern skeleton (D:6)
  A scorpion (D:3)
  A killer bee (D:5)
  2 crimson imps
  A jelly (D:5)
  Crazy Yiuf (D:3)
  4 orc wizards
  Jessica (D:3)
  2 worker ants
  4 mummies
  A worker ant zombie (D:5)
  A hound skeleton (D:6)
  8 adders
  3 oozes
  2 worms
  A dart slug (D:1)
  A leopard gecko (D:1)
  7 orcs
  7 bats
  6 giant cockroaches
  6 goblins
  7 hobgoblins
  12 jackals
  4 quokkas
  5 frilled lizards
  2 jackal skeletons (D:4)
  8 kobolds
  A leopard gecko skeleton (D:4)
  A leopard gecko zombie (D:5)
  An orc zombie (Ossuary)
  6 rats
114 creatures vanquished.

Vanquished Creatures (collateral kills)
  An orc warrior (D:6)
  A centaur (D:5)
  2 elf zombies (Ossuary)
  A bullfrog (D:5)
  An orc priest (D:5)
  A human zombie (Ossuary)
  A worker ant (D:3)
  2 big kobold zombies (Ossuary)
  2 hound zombies
  A mummy (Ossuary)
  A gnoll (D:6)
  An adder (D:5)
  A shadow imp (D:5)
  An adder skeleton (D:6)
  A dart slug (D:3)
  2 leopard geckos
  6 orcs
  A goblin (D:3)
  A ball python (D:3)
  2 frilled lizards
  2 jackal zombies (Ossuary)
  A kobold zombie (Ossuary)
  A leopard gecko skeleton (D:5)
  An orc zombie (Ossuary)
  A rat (D:3)
  A rat zombie (Ossuary)
37 creatures vanquished.

Grand Total: 151 creatures vanquished

Notes
Turn   | Place    | Note
-------+----------+-------------------------------------------
     0 | D:1      | redwoodhats the Demonspawn Transmuter began the quest for
                  | the Orb.
     0 | D:1      | Reached XP level 1. HP: 15/15 MP: 3/3
   601 | D:1      | Gained mutation: You are partially covered in large bone
                  | plates. (SH +4) [demonic ancestry]
   601 | D:1      | Reached XP level 2. HP: 21/21 MP: 3/5
   876 | D:1      | You fall through a shaft!
  1015 | D:2      | Lost mutation: You have a pair of horns on your head.
                  | [demonic ancestry]
  1015 | D:2      | Lost mutation: You have a pair of small horns on your head.
                  | [demonic ancestry]
  1015 | D:2      | Gained mutation: You have a pair of small antennae on your
                  | head. [demonic ancestry]
  1015 | D:2      | Reached XP level 3. HP: 13/26 MP: 4/6
  2739 | D:3      | Gained mutation: A weak demonic guardian rushes to your
                  | aid. [demonic ancestry]
  2739 | D:3      | Reached XP level 4. HP: 32/32 MP: 7/7
  2744 | D:3      | Learned a level 3 spell: Spider Form
  2747 | D:3      | Learned a level 2 spell: Sticks to Snakes
  2926 | D:3      | Noticed Jessica
  2937 | D:3      | Killed Jessica
  3188 | D:3      | Gained mutation: You are mostly covered in large bone
                  | plates. (SH +6) [demonic ancestry]
  3188 | D:3      | Reached XP level 5. HP: 32/37 MP: 4/9
  3355 | D:3      | Found a runed translucent door.
  3356 | D:3      | Noticed Crazy Yiuf
  3590 | D:3      | Reached skill level 1 in Stealth
  3874 | D:3      | Killed Crazy Yiuf
  3874 | D:3      | Reached XP level 6. HP: 19/43 MP: 7/10
  4188 | D:4      | Found Idgheab's Magic Scroll Emporium.
  4214 | D:4      | Found Daetowke's Weapon Shoppe.
  4284 | D:4      | Found a sand-covered staircase.
  4299 | Ossuary  | Entered an ossuary
  4322 | Ossuary  | Reached skill level 1 in Poison Magic
  4383 | Ossuary  | Reached skill level 1 in Staves
  4527 | Ossuary  | Gained mutation: You are agile. (Dex +2) [potion of
                  | mutation]
  4527 | Ossuary  | Gained mutation: You are resistant to hostile enchantments.
                  | (MR+) [potion of mutation]
  4935 | D:4      | Found Ahato's Book Boutique.
  4952 | D:4      | Found Leyrruw's Magic Scroll Shoppe.
  5145 | D:4      | Reached XP level 7. HP: 44/48 MP: 12/12
  5237 | D:4      | Lost mutation: You are agile. (Dex +2) [potion of mutation]
  5237 | D:4      | Lost mutation: You are resistant to hostile enchantments.
                  | (MR+) [potion of mutation]
  5237 | D:4      | Gained mutation: You tend to lose your temper in combat.
                  | [potion of mutation]
  5237 | D:4      | Gained mutation: You often lose your temper in combat.
                  | [potion of mutation]
  5237 | D:4      | Gained mutation: Potions are less effective at restoring
                  | your health. [potion of mutation]
  5237 | D:4      | Gained mutation: You expend magic power (3 MP) to
                  | strengthen your wands. [potion of mutation]
  5239 | D:5      | Entered Level 5 of the Dungeon
  5729 | D:5      | Reached skill level 1 in Armour
  6558 | D:5      | Gained mutation: You are completely covered in large bone
                  | plates. (SH +8) [demonic ancestry]
  6558 | D:5      | Reached XP level 8. HP: 32/56 MP: 14/14
  7049 | D:6      | Noticed Eustachio
  7121 | D:6      | Noticed Duvessa
  7130 | D:6      | Noticed Prince Ribbit
  7136 | D:6      | Killed Prince Ribbit
  7141 | D:6      | Slain by a gnoll

Skill      XL: |  1  2  3  4  5  6  7  8 |
---------------+-------------------------+-----
Dodging        | 2 3 |  3.3
Unarmed Combat | 3 4 |  4.3
Transmutations | 2 3 4 |  4.4
Spellcasting   | 3 4 |  4.7
Stealth        | 1 2 |  2.4
Poison Magic   | 1 |  1.5
Staves         | 1 3 |  3.8
Armour         | 1 2 |  2.5
Fighting       | 2 |  2.3
Bows           | |  0.6
Throwing       | |  0.2

Action                   |  1- 3 |  4- 6 |  7- 9 || total
-------------------------+-------+-------+-------++-------
Melee: Unarmed           |   127 |   103 |     5 ||   235
       Kick              |    18 |     8 |       ||    26
       Headbutt          |     2 |       |       ||     2
       Punch             |     1 |       |       ||     1
       Quarterstaff      |       |    49 |    75 ||   124
 Fire: Shortbow          |       |       |     7 ||     7
Throw: Tomahawk          |       |     3 |     3 ||     6
 Cast: Beastly Appendage |    21 |     8 |       ||    29
       Spider Form       |       |    13 |     3 ||    16
       Sticks to Snakes  |       |    14 |    21 ||    35
  Use: Scroll            |     3 |    10 |     4 ||    17
       Potion            |     2 |    13 |     9 ||    24
 Stab: Sleeping          |     2 |     4 |     3 ||     9
       Distracted        |       |       |     1 ||     1
  Eat: Ration            |     2 |     3 |     2 ||     7
Armor: Robe              |    31 |    12 |       ||    43
       Skin              |       |     2 |       ||     2
       Leather armour    |       |     3 |    13 ||    16
Dodge: Dodged            |    71 |   111 |    54 ||   236
Block: Other             |    18 |    30 |    31 ||    79
